[Event "Late-Titled-Tuesday-Blitz-March-26-2024"]
[Site "Chess.com"]
[Date "2024.03.26"]
[Round "4"]
[White "ThinkingSquares"]
[Black "prime-morty"]
[Result "1-0"]
[WhiteElo "2799"]
[BlackElo "2566"]
[TimeControl "180+1"]
[EndTime "14:37:35 PDT"]
[Termination "ThinkingSquares won by checkmate"]

1. d4 d5 2. c4 e6 3. Nf3 a6 4. cxd5 exd5 5. Nc3 Nf6 6. Bg5 Be7 7. e3 O-O 8. Bd3 Re8 9. Qc2 Nbd7 10. O-O h6 11.
Bf4 c5 12. dxc5 Nxc5 13. Rfd1 Nxd3 14. Qxd3 Be6 15. Rd2 Qb6 16. Rad1 Rac8 17. Be5 Red8 18. h3 Qc6 19. Nd4 Qc4 20. Qb1 b5 21. Nxe6 fxe6 22.
Qg6 b4 23. Rd4 Qc6 24. Rg4 Qe8 25. Qxg7# 1-0

[Event "Late-Titled-Tuesday-Blitz-March-26-2024"]
[Site "Chess.com"]
[Date "2024.03.26"]
[Round "4"]
[White "esrosenberg"]
[Black "CURRUTACO59"]
[Result "1-0"]
[WhiteElo "2493"]
[BlackElo "2278"]
[TimeControl "180+1"]
[EndTime "14:37:43 PDT"]
[Termination "esrosenberg won by resignation"]

1. d4 Nf6 2. c4 e6 3. Nc3 Bb4 4. Nf3 d6 5. Bg5 Nbd7 6. e3 h6 7. Bh4 c5 8. Bd3 Bxc3+ 9. bxc3 e5 10.
Bf5 Qa5 11. O-O Qxc3 12. Rc1 Qa5 13. dxe5 dxe5 14. Bxd7+ Nxd7 15. Qd6 f6 16. Qe6+ Kf8 17. Rfd1 Qd8 18. Nxe5 Qe8 19. Nxd7+ Bxd7 20. Qxd7 1-0

[Event "Late-Titled-Tuesday-Blitz-March-26-2024"]
[Site "Chess.com"]
[Date "2024.03.26"]
[Round "4"]
[White "KVAIDAN"]
[Black "AccioChess"]
[Result "0-1"]
[WhiteElo "2351"]
[BlackElo "2522"]
[TimeControl "180+1"]
[EndTime "14:37:44 PDT"]
[Termination "AccioChess won by resignation"]

1. f4 e5 2. d3 exf4 3. Bxf4 d5 4. Nf3 Bd6 5. Qd2 Bxf4 6. Qxf4 Nf6 7. Nc3 O-O 8.
O-O-O c5 9. e4 d4 10. Ne2 Nc6 11. h3 Be6 12. a3 b5 13. g4 b4 14. g5 Nh5 15.
Qh4 bxa3 16. bxa3 g6 17. Nh2 Qa5 18. Ng4 Qxa3+ 19. Kd2 Qa5+ 20. c3 dxc3+ 21. Nxc3 Rab8 22. Nf6+ Nxf6 23. gxf6 Rb2+ 24. Ke3 Qxc3 25. Be2 Nd4 26. Qh6 Rxe2+ 27. Kf4 Rf2+ 28. Kg3 Rxf6 0-1

[Event "Late-Titled-Tuesday-Blitz-March-26-2024"]
[Site "Chess.com"]
[Date "2024.03.26"]
[Round "4"]
[White "Siemba"]
[Black "frequentblunders"]
[Result "1-0"]
[WhiteElo "2457"]
[BlackElo "2216"]
[TimeControl "180+1"]
[EndTime "14:37:48 PDT"]
[Termination "Siemba won by resignation"]

1. Nf3 e6 2. g3 c5 3. Bg2 d5 4. O-O Nf6 5. c4 Be7 6. Nc3 O-O 7. b3 d4 8. Na4 e5 9. Bb2 Nc6 10. e3 e4 11. Ne1 Re8 12. h3 d3 13. f4 h5 14. Nc3 Bf5 15. Kh2 Bd6 16. Nd5 Nxd5 17. cxd5 Nb4 18. Qxh5 Bg6 19. Qg4 f6 20. Qxg6 1-0

[Event "Late-Titled-Tuesday-Blitz-March-26-2024"]
[Site "Chess.com"]
[Date "2024.03.26"]
[Round "4"]
[White "GelmanAlexander"]
[Black "Levanzovsky"]
[Result "1-0"]
[WhiteElo "2671"]
[BlackElo "2414"]
[TimeControl "180+1"]
[EndTime "14:37:51 PDT"]
[Termination "GelmanAlexander won by resignation"]

1. c4 e6 2. Nf3 d5 3. d3 Nf6 4. Nbd2 c5 5. e3 Nc6 6. a3 Be7 7. b3 d4 8. exd4 Nxd4 9. Bb2 Nxf3+ 10. Qxf3 O-O 11. g4 Rb8 12. g5 Nd7 13. h4 b5 14. Rg1 Bb7 15. Qe3 bxc4 16. dxc4 Qa5 17. Bd3 Rfd8 18. O-O-O Bc6 19. h5 Nb6 20. g6 fxg6 21.
Qxe6+ Kf8 22. hxg6 hxg6 23. Bxg6 1-0

[Event "Late-Titled-Tuesday-Blitz-March-26-2024"]
[Site "Chess.com"]
[Date "2024.03.26"]
[Round "4"]
[White "DinaBelenkaya"]
[Black "EgorYakovlev"]
[Result "1-0"]
[WhiteElo "2506"]
[BlackElo "2686"]
[TimeControl "180+1"]
[EndTime "14:37:52 PDT"]
[Termination "DinaBelenkaya won by resignation"]

1. Nf3 g6 2. g3 Bg7 3. d4 Nf6 4. Bg2 c5 5. d5 O-O 6. c4 e6 7.
Nc3 exd5 8. cxd5 d6 9. O-O Re8 10. Nd2 Na6 11. Nc4 Nc7 12. a4 Rb8 13. Nb5 Bf8 14. Bg5 Nxb5 15. axb5 h6 16. Bxf6 Qxf6 17. Rxa7 Bd7 18. b6 Bb5 19. b3 Qc3 20. Qd3 Qb4 21. Rfa1 Bxc4 22. bxc4 Qxb6 23. Be4 Bg7 24. R1a2 f5 25.
Bf3 Qb4 26. Kg2 Rf8 27. e4 f4 28. e5 fxg3 29. hxg3 Qc3 30. Qxc3 Bxe5 31. Qd3 1-0

[Event "Late-Titled-Tuesday-Blitz-March-26-2024"]
[Site "Chess.com"]
[Date "2024.03.26"]
[Round "4"]
[White "Viktor_Poddubnyi"]
[Black "Aragon"]
[Result "1-0"]
[WhiteElo "2307"]
[BlackElo "2049"]
[TimeControl "180+1"]
[EndTime "14:37:55 PDT"]
[Termination "Viktor_Poddubnyi won by resignation"]

1. e4 d5 2. exd5 Qxd5 3. Nc3 Qd6 4.
d4 c6 5. Nf3 Nf6 6. Bg5 Bg4 7. Be2 Nbd7 8. Qd2 e6 9. O-O-O Qc7 10. h3 Bh5 11. g4 Bg6 12. Ne5 Nxe5 13. dxe5 Nd5 14. f4 Be7 15. Nxd5 cxd5 16. Bb5+ Kf8 17.
Bxe7+ Kxe7 18. Qb4+ Kd8 19. f5 exf5 20. Rxd5+ Kc8 21.
Rc5 1-0

[Event "Late-Titled-Tuesday-Blitz-March-26-2024"]
[Site "Chess.com"]
[Date "2024.03.26"]
[Round "4"]
[White "Vahe_Danielyan"]
[Black "omeed_87"]
[Result "0-1"]
[WhiteElo "2597"]
[BlackElo "2431"]
[TimeControl "180+1"]
[EndTime "14:37:56 PDT"]
[Termination "omeed_87 won by resignation"]

1. d4 f5 2. e4 fxe4 3. Nc3 Nf6 4.
Bg5 e6 5. Nxe4 Be7 6. Ng3 O-O 7. Bd3 h6 8. Bd2 c5 9. dxc5 b6 10. Nf3 Bb7 11. cxb6 Qxb6 12. O-O Nc6 13. Be3 Qc7 14. Nh4 Nb4 15. Ng6 Nxd3 16. Nxe7+ Kf7 17. Qxd3 Kxe7 18. Qg6 Qc6 19. f3 Rf7 20. Rad1 Rc8 21. b4 Qxc2 22. Bc5+ Rxc5 23. bxc5 Qxg6 0-1

[Event "Late-Titled-Tuesday-Blitz-March-26-2024"]
[Site "Chess.com"]
[Date "2024.03.26"]
[Round "4"]
[White "ACollins05"]
[Black "Mops_2004"]
[Result "0-1"]
[WhiteElo "2518"]
[BlackElo "2798"]
[TimeControl "180+1"]
[EndTime "14:38:01 PDT"]
[Termination "Mops_2004 won by checkmate"]

1. Nf3 Nf6 2. e3 d5 3. b3 c6 4.
Bb2 Bf5 5. d4 e6 6. Bd3 Bd6 7.
O-O Nbd7 8. c4 Bxd3 9. Qxd3 Ne4 10. Nc3 f5 11. c5 Bc7 12. b4 a6 13. a4 O-O 14. b5 Qf6 15. Ne2 g5 16. g3 h5 17. h4 gxh4 18. Nxh4 Kf7 19. Nf4 Rg8 20. Kh2 Rg4 21. Kh3 Rag8 22. Qe2 Rxg3+ 23. fxg3 Rxg3+ 24. Kh2 Qxh4+ 25. Nh3 Qxh3# 0-1

[Event "Late-Titled-Tuesday-Blitz-March-26-2024"]
[Site "Chess.com"]
[Date "2024.03.26"]
[Round "4"]
[White "Godzillator"]
[Black "campochess"]
[Result "1-0"]
[WhiteElo "2390"]
[BlackElo "2156"]
[TimeControl "180+1"]
[EndTime "14:38:08 PDT"]
[Termination "Godzillator won by resignation"]

1. c4 c6 2. d4 d5 3. cxd5 cxd5 4. Bf4 Nc6 5. e3 Nf6 6. Nc3 e6 7. Bd3 Bb4 8. Nf3 Qa5 9. O-O Bxc3 10. bxc3 O-O 11.
Qc2 h6 12. Ne5 Bd7 13. Nxc6 bxc6 14. c4 Rac8 15. c5 Nh5 16. Bd6 Rfe8 17. Rfb1 Nf6 18. Rb7 Qd8 19. Rxa7 e5 20. Bxe5 Rxe5 21. dxe5 Ng4 22.
Bf5 Qh4 23. h3 Nxe5 24. Bxd7 Nxd7 25. Rxd7 Qf6 26. Rb1 Re8 27. Rdb7 g6 28. Rb8 Rxb8 29. Rxb8+ 1-0

[Event "Late-Titled-Tuesday-Blitz-March-26-2024"]
[Site "Chess.com"]
[Date "2024.03.26"]
[Round "4"]
[White "TheMagician"]
[Black "PNEPaul"]
[Result "1-0"]
[WhiteElo "2278"]
[BlackElo "1960"]
[TimeControl "180+1"]
[EndTime "14:38:19 PDT"]
[Termination "TheMagician won by resignation"]

1. e4 e5 2. Nf3 Nc6 3. Bc4 Be7 4.
c3 Nf6 5. d3 O-O 6. O-O d6 7.
h3 Be6 8. Nbd2 d5 9. Bb5 dxe4 10. dxe4 Bd6 11. Qe2 h6 12. Rd1 Qc8 13. Nc4 Bxc4 14. Qxc4 Ne7 15. Qe2 Ng6 16. Be3 Nh5 17. Qc2 Nhf4 18.
Bf1 f5 19. exf5 Rxf5 20. g3 Rh5 21. gxf4 exf4 22. Qxg6 1-0

[Event "Late-Titled-Tuesday-Blitz-March-26-2024"]
[Site "Chess.com"]
[Date "2024.03.26"]
[Round "4"]
[White "Sanan_Sjugirov"]
[Black "Shahdad2007"]
[Result "1-0"]
[WhiteElo "3001"]
[BlackElo "2633"]
[TimeControl "180+1"]
[EndTime "14:38:21 PDT"]
[Termination "Sanan_Sjugirov won by resignation"]

1. d4 Nf6 2. c4 e6 3. Nf3 d5 4.
Nc3 Be7 5. cxd5 exd5 6. Qc2 O-O 7. Bf4 c6 8. h3 Re8 9. e3 Nbd7 10. Bd3 Nf8 11. Ne5 Ng6 12. Bh2 Bd6 13. f4 Nf8 14. O-O Qe7 15. Bg3 N6d7 16. Rae1 a5 17. a3 f6 18. Bh4 Kh8 19. e4 dxe4 20. Nxe4 Bb8 21. Bc4 Nxe5 22. fxe5 Qd7 23. exf6 Qxd4+ 24. Kh1 Qe5 25. fxg7+ Qxg7 26. Bf6 Qxf6 27. Nxf6 Ng6 28. Rxe8+ 1-0

[Event "Late-Titled-Tuesday-Blitz-March-26-2024"]
[Site "Chess.com"]
[Date "2024.03.26"]
[Round "4"]
[White "EsmeraldasAnderson03"]
[Black "mbojan"]
[Result "0-1"]
[WhiteElo "2607"]
[BlackElo "2875"]
[TimeControl "180+1"]
[EndTime "14:38:24 PDT"]
[Termination "mbojan won by checkmate"]

1. d4 Nf6 2. c4 g6 3. Nc3 Bg7 4.
e4 d6 5. Be2 Nbd7 6. Be3 e5 7.
d5 Nc5 8. f3 a5 9. g4 h5 10. g5 Nh7 11. h4 O-O 12. Qd2 f6 13. Nh3 Bxh3 14. Rxh3 fxg5 15. Bxg5 Nxg5 16. Qxg5 Qxg5 17.
hxg5 Rf7 18. Kd2 Bf8 19. Rg3 Be7 20. Ke3 Raf8 21. a3 Nb3 22. Rh1 Nd4 23. Bd1 c6 24. Rhh3 Bd8 25. Na4 b5 26. cxb5 cxb5 27. Nc3 Bb6 28.
Kd3 Kg7 29. Kd2 Rc8 30. Rh2 Rfc7 31. Kd3 b4 32. axb4 axb4 33. Na4 Ba7 34. Rd2 Rc1 35. Rh3 Ra1 36. b3 Rcc1 37. Nb2 Rc3# 0-1

[Event "Late-Titled-Tuesday-Blitz-March-26-2024"]
[Site "Chess.com"]
[Date "2024.03.26"]
[Round "4"]
[White "OparinGrigoriy"]
[Black "TokChess"]
[Result "1-0"]
[WhiteElo "2980"]
[BlackElo "2618"]
[TimeControl "180+1"]
[EndTime "14:38:28 PDT"]
[Termination "OparinGrigoriy won by resignation"]

1. Nc3 c5 2. e4 d6 3. Nf3 Nf6 4. a4 Nc6 5. Bb5 Bd7 6. O-O e6 7. d4 cxd4 8. Nxd4 Be7 9. Re1 O-O 10. Be3 Rc8 11. h3 Ne5 12. Nb3 Rxc3 13. bxc3 Nxe4 14. Bd4 f5 15. Bxe5 Bxb5 16. axb5 dxe5 17. Qxd8 Bxd8 18.
c4 Bb6 19. Rxe4 fxe4 20. c5 Bc7 21. Rxa7 Rb8 22. c6 Kf7 23. Nc5 Ke7 24. Rxb7 Rxb7 25.
cxb7 1-0

[Event "Late-Titled-Tuesday-Blitz-March-26-2024"]
[Site "Chess.com"]
[Date "2024.03.26"]
[Round "4"]
[White "TimGrutter03"]
[Black "1800_strength"]
[Result "1-0"]
[WhiteElo "2595"]
[BlackElo "2785"]
[TimeControl "180+1"]
[EndTime "14:38:36 PDT"]
[Termination "TimGrutter03 won by resignation"]

1. e4 a6 2. d4 b5 3. Bd3 Bb7 4. f4 Nf6 5. Qe2 d6 6. Nf3 e6 7.
O-O Nbd7 8. e5 Nd5 9. c3 c5 10. f5 dxe5 11. fxe6 fxe6 12. Ng5 Qb6 13. Qh5+ g6 14.
Bxg6+ hxg6 15. Qxg6+ Ke7 16. Rf7+ Kd6 17. Qxe6+ Kc7 18.
Rxd7+ Kb8 19. Qxe5+ Ka7 20. Qxd5 cxd4 21. cxd4 Re8 22.
Bd2 Ka8 23. Rxb7 Qxb7 24. Qxb7+ Kxb7 25. Nc3 b4 26. Nce4 Rc8 27. Nf7 1-0

[Event "Late-Titled-Tuesday-Blitz-March-26-2024"]
[Site "Chess.com"]
[Date "2024.03.26"]
[Round "4"]
[White "titomagno_64"]
[Black "kacperkarwowski"]
[Result "0-1"]
[WhiteElo "2306"]
[BlackElo "2504"]
[TimeControl "180+1"]
[EndTime "14:38:36 PDT"]
[Termination "kacperkarwowski won by resignation"]

1. d4 Nf6 2. c4 e6 3. g3 d5 4. Nf3 Be7 5. Bg2 O-O 6. O-O b6 7. Ne5 Bb7 8. Nc3 Nbd7 9. Qa4 Nxe5 10. dxe5 Ne4 11. Nxe4 dxe4 12. Qc2 Qd4 13. Bf4 g5 14. Rad1 Qc5 15. Be3 Qxe5 16. Rd7 Bd6 17. Qd2 Bc6 18. Rxd6 cxd6 19. Bxg5 d5 20. Bf4 Qf5 21. Bh6 Rfd8 22. cxd5 Bxd5 23. Bh3 Qg6 24. g4 Rac8 25. g5 Bxa2 26.
Bg2 Rxd2 0-1

[Event "Late-Titled-Tuesday-Blitz-March-26-2024"]
[Site "Chess.com"]
[Date "2024.03.26"]
[Round "4"]
[White "inagreV"]
[Black "JaackCamel"]
[Result "0-1"]
[WhiteElo "2379"]
[BlackElo "2195"]
[TimeControl "180+1"]
[EndTime "14:38:36 PDT"]
[Termination "JaackCamel won by resignation"]

1. e4 e6 2. d4 d5 3. Nc3 Bb4 4. Ne2 dxe4 5. a3 Be7 6. Nxe4 Nf6 7. Nxf6+ Bxf6 8. Be3 O-O 9. Qd2 Nd7 10. O-O-O e5 11.
dxe5 Nxe5 12. Qxd8 Rxd8 13. Rxd8+ Bxd8 14. h3 c6 15. f4 Nc4 16. Bd4 Bb6 17. Bxb6 Nxb6 18. Nd4 g6 19. h4 Bg4 20. Bd3 Rd8 21. Nb3 Nd5 22. Nc5 Nxf4 23. Be4 b6 24. Nb7 Rd7 25. Bxc6 Rc7 26.
Be4 f5 27. Rf1 Ne2+ 28. Kd2 fxe4 29. Rf4 h5 30. Nd6 Rd7 31. Rf6 Kg7 0-1

[Event "Late-Titled-Tuesday-Blitz-March-26-2024"]
[Site "Chess.com"]
[Date "2024.03.26"]
[Round "4"]
[White "reevecanada"]
[Black "thesupera12"]
[Result "1/2-1/2"]
[WhiteElo "2675"]
[BlackElo "2426"]
[TimeControl "180+1"]
[EndTime "14:38:39 PDT"]
[Termination "Game drawn by repetition"]

1. Nf3 Nf6 2. b3 g6 3. Bb2 Bg7 4. d3 O-O 5. Nbd2 d5 6. g3 b6 7. Bg2 Bb7 8. O-O c5 9. Re1 Nc6 10. e4 Qd7 11. e5 Ne8 12. e6 fxe6 13. Bh3 Nc7 14. Bxg7 Kxg7 15. Qc1 Rf6 16. Qb2 Rf8 17. Ng5 Nd4 18. f4 h6 19. Ngf3 Nxf3+ 20. Nxf3 d4 21.
Ne5 Qd5 22. Re4 Nb5 23. Ng4 Nc3 24. Nxf6 Rxf6 25. Bg2 Nxe4 26. Bxe4 Qd7 27. Re1 Bxe4 28. Rxe4 Qd5 29. Qc1 g5 30. Re5 Qf3 31. fxg5 Qf2+ 32. Kh1 Qf3+ 33. Kg1 Qf2+ 34. Kh1 Qf3+ 35. Kg1 1/2-1/2

[Event "Late-Titled-Tuesday-Blitz-March-26-2024"]
[Site "Chess.com"]
[Date "2024.03.26"]
[Round "4"]
[White "Mikayel99"]
[Black "Navyblue1"]
[Result "1-0"]
[WhiteElo "2558"]
[BlackElo "2257"]
[TimeControl "180+1"]
[EndTime "14:38:41 PDT"]
[Termination "Mikayel99 won by resignation"]

1. Nf3 c5 2. g3 d5 3. Bg2 Nc6 4. O-O e5 5. d3 Be7 6. Nc3 Nf6 7. Qe1 d4 8. Nd1 O-O 9. e4 b5 10. a4 bxa4 11. h3 Rb8 12. Nh2 Nb4 13. Qd2 Ba6 14.
f4 Nd7 15. fxe5 Nxe5 16. Rxa4 Qb6 17. b3 Nxc2 18. Rxa6 Qxa6 19. Qxc2 Qxd3 20. Qa2 Qxb3 21. Qxa7 Qb7 22. Qa2 c4 23. Bf4 Nd3 24. Qxc4 Nxf4 25. Rxf4 Rbc8 26. Qd3 Qb3 27. Qxb3 1-0

[Event "Late-Titled-Tuesday-Blitz-March-26-2024"]
[Site "Chess.com"]
[Date "2024.03.26"]
[Round "4"]
[White "maciek_92"]
[Black "GHANDEEVAM2003"]
[Result "0-1"]
[WhiteElo "2874"]
[BlackElo "3047"]
[TimeControl "180+1"]
[EndTime "14:38:44 PDT"]
[Termination "GHANDEEVAM2003 won by resignation"]

1. c4 g6 2. Nc3 Bg7 3. g3 c5 4. Bg2 d6 5. e3 h5 6. Nge2 h4 7. O-O Nc6 8. d4 hxg3 9. hxg3 Bg4 10. f3 Bd7 11. b3 Nh6 12. g4 cxd4 13. exd4 Qa5 14.
Be3 Bxg4 15. Nd5 Be6 16. Ndf4 Nf5 17. Bf2 Bd7 18. a3 Nh4 19. Nd5 Nxg2 20. b4 Qd8 21. Kxg2 Bh3+ 22. Kg1 e6 23. Ndf4 Qg5+ 24. Bg3 Bxf1 25. Qxf1 Nxd4 26. Rd1 Nf5 27. Qf2 Be5 28. Kg2 Nxg3 29. Qxg3 Qxg3+ 0-1

[Event "Late-Titled-Tuesday-Blitz-March-26-2024"]
[Site "Chess.com"]
[Date "2024.03.26"]
[Round "4"]
[White "Kiborg95"]
[Black "Keks2017"]
[Result "0-1"]
[WhiteElo "2770"]
[BlackElo "2572"]
[TimeControl "180+1"]
[EndTime "14:38:47 PDT"]
[Termination "Keks2017 won by resignation"]

1. e4 d6 2. d4 Nf6 3. Nc3 g6 4. f4 Bg7 5. Nf3 c5 6. dxc5 Qa5 7. Qd4 Nc6 8. Bb5 Bd7 9. Qa4 Qxa4 10. Bxa4 Nb4 11.
e5 Bxa4 12. exf6 Bxf6 13. Nxa4 Nxc2+ 14. Kf2 Nxa1 15. Bd2 Nc2 16. cxd6 Nd4 17. dxe7 Nxf3 18. Kxf3 Bxe7 19. Re1 Kd7 20. Bc3 Rhc8 21. Bd4 b6 22. Nc3 Bc5 23. Bf6 Re8 24. Rd1+ Kc6 25. Nd5 Re6 26.
b4 Bd6 27. Ba1 f5 28. a4 Rae8 29. g4 Re1 0-1

[Event "Late-Titled-Tuesday-Blitz-March-26-2024"]
[Site "Chess.com"]
[Date "2024.03.26"]
[Round "4"]
[White "stepanosinovsky"]
[Black "andrzej"]
[Result "1-0"]
[WhiteElo "2385"]
[BlackElo "2516"]
[TimeControl "180+1"]
[EndTime "14:38:53 PDT"]
[Termination "stepanosinovsky won on time"]

1. e4 c5 2. Nf3 d6 3. d4 cxd4 4. Nxd4 Nf6 5. Nc3 a6 6. Be3 e5 7. Nb3 Be7 8. Qd2 O-O 9. O-O-O Be6 10.
f4 Qc7 11. f5 Bc4 12. g4 h6 13. Rg1 Nh7 14. h4 Bxh4 15. Rh1 Bg5 16. Bxg5 Nxg5 17. f6 gxf6 18. Qh2 1-0

[Event "Late-Titled-Tuesday-Blitz-March-26-2024"]
[Site "Chess.com"]
[Date "2024.03.26"]
[Round "4"]
[White "dianamirza"]
[Black "dealshark"]
[Result "0-1"]
[WhiteElo "1975"]
[BlackElo "2281"]
[TimeControl "180+1"]
[EndTime "14:38:53 PDT"]
[Termination "dealshark won by resignation"]

1. d4 d5 2. Nf3 e6 3. e3 c5 4. Bd3 Nc6 5. b3 Nf6 6. Bb2 a6 7. Nbd2 cxd4 8. exd4 Be7 9. Ne5 Nxe5 10. dxe5 Nd7 11.
O-O O-O 12. f4 f6 13. Qh5 f5 14. Rf3 Qe8 15. Qh3 Nc5 16. g4 Nxd3 17. cxd3 fxg4 18. Qxg4 g6 19. Kh1 Bd7 20. Rg1 Qf7 21. d4 Rac8 22. Rh3 Rc2 23. Bc1 Qf5 24. Qd1 Rfc8 25. Qg4 0-1

[Event "Late-Titled-Tuesday-Blitz-March-26-2024"]
[Site "Chess.com"]
[Date "2024.03.26"]
[Round "4"]
[White "Zavgorodniy_Sergiy"]
[Black "CFalcons8"]
[Result "1-0"]
[WhiteElo "2643"]
[BlackElo "2401"]
[TimeControl "180+1"]
[EndTime "14:39:02 PDT"]
[Termination "Zavgorodniy_Sergiy won by resignation"]

1. d4 Nf6 2. c4 e6 3. Nf3 b6 4. g3 Bb7 5. Bg2 Be7 6. O-O O-O 7. b3 d5 8. Nbd2 c5 9. Bb2 dxc4 10.
Nxc4 Nbd7 11. Rc1 cxd4 12. Nxd4 Bxg2 13. Kxg2 Rc8 14. e3 Nc5 15. Qe2 Qd5+ 16. f3 g6 17. Rfd1 Qb7 18. Ne5 Rfd8 19. Nec6 Rd6 20. Nxe7+ Qxe7 21. b4 Nfd7 22. bxc5 bxc5 23. Nb5 Rxd1 24.
Rxd1 Rb8 25. Ba1 a6 26. Nd6 Nb6 27. Nc4 Nd5 28. Kf2 Qe8 29. e4 Nb4 30. a3 Nc6 31.
Qe3 Qe7 32. Bc3 Rb3 33. Qd2 e5 34. Nxe5 Nxe5 35. Qd8+ 1-0

[Event "Late-Titled-Tuesday-Blitz-March-26-2024"]
[Site "Chess.com"]
[Date "2024.03.26"]
[Round "4"]
[White "rdarruda"]
[Black "falzehope0"]
[Result "0-1"]
[WhiteElo "2519"]
[BlackElo "2390"]
[TimeControl "180+1"]
[EndTime "14:39:09 PDT"]
[Termination "falzehope0 won by resignation"]

1. Nf3 d5 2. d4 e6 3. c4 c6 4. e3 Bd6 5. Nc3 f5 6. b3 Nf6 7.
Bd3 O-O 8. O-O Ne4 9. Bb2 Nd7 10.
Ne2 Qf6 11. Qc2 g5 12. Nd2 Qh6 13. g3 Ndf6 14. f3 Nxd2 15. Qxd2 g4 16. Nf4 Bd7 17.
Rac1 gxf3 18. Rxf3 Rf7 19. Bf1 Rg7 20. Nd3 Kh8 21.
Ne5 Be8 22. Bg2 Bh5 23. Rf4 Rag8 24. Rcf1 Ng4 25. Nxg4 Bxg4 26. R4f2 Bh3 27. Bxh3 Qxh3 28. Rg2 h5 29. Rf4 Bxf4 30. exf4 h4 31. Kh1 hxg3 32. Qe3 Rh7 33. Ba3 Qxg2+ 34. Kxg2 gxh2+ 35. Kh1 Rg1+ 36. Qxg1 hxg1=Q+ 37.
Kxg1 Rh3 0-1

[Event "Late-Titled-Tuesday-Blitz-March-26-2024"]
[Site "Chess.com"]
[Date "2024.03.26"]
[Round "4"]
[White "kai_nov"]
[Black "IsaqueGoncalvesSanto"]
[Result "1-0"]
[WhiteElo "2345"]
[BlackElo "1878"]
[TimeControl "180+1"]
[EndTime "14:39:11 PDT"]
[Termination "kai_nov won on time"]

1. d4 e6 2. c4 d5 3. Nc3 c6 4. Bf4 dxc4 5. e3 b5 6. a4 Bb4 7. axb5 cxb5 8. Qf3 Qd5 9. Qg3 Nf6 10. Qxg7 Rg8 11. Qxf6 Nd7 12. Qh4 Qe4 13. Rc1 Rxg2 14. f3 Qg6 15. Ne2 1-0

[Event "Late-Titled-Tuesday-Blitz-March-26-2024"]
[Site "Chess.com"]
[Date "2024.03.26"]
[Round "4"]
[White "MyDream003"]
[Black "Jospem"]
[Result "0-1"]
[WhiteElo "2790"]
[BlackElo "3084"]
[TimeControl "180+1"]
[EndTime "14:39:15 PDT"]
[Termination "Jospem won by resignation"]

1. e4 c5 2. Nf3 d6 3. d4 cxd4 4. Nxd4 a6 5. Nc3 e6 6. g3 Nc6 7.
Bg2 Bd7 8. O-O Rc8 9. Nxc6 Bxc6 10. Be3 Nf6 11. h3 Be7 12. Qd2 O-O 13. Rad1 Qc7 14. a3 b5 15. Bf4 Rfd8 16. Qe2 Qb7 17. Rfe1 h6 18. Rd3 a5 19. b4 axb4 20. axb4 e5 21.
Bd2 Bd7 22. Kh2 Be6 23. Re3 Rc4 24. Rb1 Rdc8 25. f4 Bd8 26. f5 Bd7 27. Rd3 Bb6 28.
Rb3 Bd4 29. Qe1 Bc6 30. Ne2 Bxe4 31. Bxe4 Qxe4 32. Nxd4 exd4 33. Qxe4 Nxe4 34. Bf4 Rxc2+ 35. Kg1 Ra8 36. Rb1 Raa2 37. Rxd4 Rg2+ 38. Kh1 Rh2+ 39. Kg1 Rag2+ 40. Kf1 Nxg3+ 41. Bxg3 Rxg3 42. Rbd1 Rhxh3 43. Rxd6 Rf3+ 44. Kg2 Rhg3+ 45. Kh2 Rg4 46. Rd8+ Kh7 47. R1d7 Rxf5 0-1

[Event "Late-Titled-Tuesday-Blitz-March-26-2024"]
[Site "Chess.com"]
[Date "2024.03.26"]
[Round "4"]
[White "dasatcu90"]
[Black "ural58"]
[Result "0-1"]
[WhiteElo "2243"]
[BlackElo "2472"]
[TimeControl "180+1"]
[EndTime "14:39:15 PDT"]
[Termination "ural58 won by resignation"]

1. d4 d5 2. Nf3 Nc6 3. Bg5 f6 4. Bh4 Nh6 5. e3 Nf5 6. Bg3 h5 7. Nh4 Nxh4 8. Bxh4 g5 9. Bd3 gxh4 10. Bg6+ Kd7 11. Bxh5 e6 12. Nc3 Bb4 13. Bf3 b6 14. Qd3 a5 15. O-O-O Ba6 16. Nb5 Na7 17. a4 c6 18. c3 Be7 19. c4 cxb5 20. cxb5 Bb7 21. Kb1 Nc8 22. Rc1 Nd6 23. b3 Rc8 24. Rxc8 Kxc8 25. Rc1+ Kb8 26. h3 Ne4 27. Rc2 Qd6 28. Kb2 Qa3+ 29. Kb1 Rc8 30. Rxc8+ Bxc8 31. Bxe4 dxe4 32.
Qc4 Qd6 0-1

[Event "Late-Titled-Tuesday-Blitz-March-26-2024"]
[Site "Chess.com"]
[Date "2024.03.26"]
[Round "4"]
[White "olga-belka"]
[Black "Slovineanu"]
[Result "1-0"]
[WhiteElo "2367"]
[BlackElo "2502"]
[TimeControl "180+1"]
[EndTime "14:39:20 PDT"]
[Termination "olga-belka won by resignation"]

1. e4 e5 2. d4 exd4 3. Qxd4 Nc6 4.
Qc4 Nf6 5. Nc3 Bb4 6. Bd2 O-O 7. O-O-O Re8 8. f3 d6 9. Bg5 Bxc3 10. Qxc3 Be6 11. Bb5 h6 12. Bh4 Bd7 13. g4 a6 14.
Bxc6 Bxc6 15. Ne2 Re5 16. Nd4 Bd7 17. Rhg1 g5 18. Bg3 Rc5 19. Qd2 Be6 20. h4 Nd7 21. hxg5 hxg5 22. f4 gxf4 23. Bxf4 Qf6 24. g5 Qg7 25. g6 Qf6 26. gxf7+ Kxf7 27. Rdf1 Rg8 28. Bg5 Rgxg5 29. Rxf6+ Nxf6 30. Rxg5 Nxe4 31. Qf4+ Nf6 32. Rxc5 1-0

[Event "Late-Titled-Tuesday-Blitz-March-26-2024"]
[Site "Chess.com"]
[Date "2024.03.26"]
[Round "4"]
[White "teresin05"]
[Black "Bala-Afiada"]
[Result "0-1"]
[WhiteElo "2224"]
[BlackElo "1861"]
[TimeControl "180+1"]
[EndTime "14:39:21 PDT"]
[Termination "Bala-Afiada won by resignation"]

1. e4 c5 2. Nf3 Nc6 3. d4 cxd4 4. Nxd4 Nf6 5. Nc3 d6 6. f3 e6 7. Be3 Be7 8. Qd2 O-O 9. O-O-O Nxd4 10. Bxd4 Qa5 11.
g4 a6 12. h4 b5 13. g5 Nh5 14. f4 b4 15. Ne2 Qxa2 16. Qe3 Bb7 17. Ng3 Nxg3 18. Qxg3 Bxe4 19. Rg1 Rfc8 20. Bd3 Bxd3 21.
Qxd3 Qa1+ 22. Kd2 Qa5 23. h5 e5 24. g6 exd4 25. gxh7+ Kh8 26. h6 b3+ 27. c3 dxc3+ 28. bxc3 Bf6 29. hxg7+ Bxg7 30. Qg3 Qxc3+ 31. Qxc3 Bxc3+ 32. Kd3 Bg7 33. Rb1 Rc3+ 34. Kd2 Rac8 35. Rb2 Kxh7 36. Rg2 Rc2+ 37. Rxc2 Rxc2+ 38. Ke3 Rxg2 39. Ke4 Rg6 0-1

[Event "Late-Titled-Tuesday-Blitz-March-26-2024"]
[Site "Chess.com"]
[Date "2024.03.26"]
[Round "4"]
[White "UK_23"]
[Black "yuriydovzik"]
[Result "1-0"]
[WhiteElo "2386"]
[BlackElo "2115"]
[TimeControl "180+1"]
[EndTime "14:39:22 PDT"]
[Termination "UK_23 won on time"]

1. e4 c6 2. Nc3 e5 3. Nf3 d6 4. d4 Qc7 5. a4 Bg4 6. Be3 Nd7 7. h3 Bxf3 8. Qxf3 Ngf6 9. Bc4 Be7 10. Ba2 O-O 11. O-O exd4 12. Bxd4 Ne5 13. Qg3 Nh5 14. Qh2 g5 15. f3 Bf6 16. Be3 Ng6 17. g3 Kh8 18.
Bf2 Be5 19. Kg2 f5 20. exf5 Rxf5 21. Be6 Rff8 22. Bg4 Ng7 23. Ne4 Qe7 24. Be3 h6 25.
c3 1-0

[Event "Late-Titled-Tuesday-Blitz-March-26-2024"]
[Site "Chess.com"]
[Date "2024.03.26"]
[Round "4"]
[White "ValeriyGrinev"]
[Black "BillieKimbah"]
[Result "0-1"]
[WhiteElo "2618"]
[BlackElo "2957"]
[TimeControl "180+1"]
[EndTime "14:39:24 PDT"]
[Termination "BillieKimbah won by resignation"]

1. d4 e6 2. c4 Bb4+ 3. Nc3 b6 4. e3 Bb7 5. Ne2 f5 6. a3 Bxc3+ 7. Nxc3 Nf6 8. Bd3 O-O 9. O-O Qe8 10. Qc2 d6 11. b3 Nbd7 12. Bb2 a6 13. Rae1 Qh5 14.
f3 Rae8 15. b4 g5 16. e4 g4 17. exf5 gxf3 18. d5 exd5 19. Nxd5 Bxd5 20. cxd5 Rxe1 21. Rxe1 Ne5 22. Bxe5 dxe5 23. h3 Kh8 24. Qd1 Rg8 25. Bf1 Qxh3 26. Rxe5 Rxg2+ 0-1